 Dungeon Crawl Stone Soup version 0.31-a0-174-g85c54bcb58 (webtiles) character file.

Game seed: 1753357107777728013

102 qw the Shooter (level 4, -2/28 HPs)
             Began as a Gargoyle Hunter on June 15, 2023.
             Slain by a worm (8 damage)
             ... on level 3 of the Dungeon.
             The game lasted 00:00:43 (1642 turns).

qw the Shooter (Gargoyle Hunter)                    Turns: 1642, Time: 00:00:43

Health: -2/28      AC:  8    Str: 15    XL:     4   Next: 77%
Magic:  4/4        EV: 11    Int:  9    God:
Gold:   86         SH:  0    Dex: 15    Spells: 3/3 levels left

rFire   . . .        Y - +0 shortbow
rCold   . . .        (shield currently unavailable)
rNeg    + . .        c - +0 leather armour
rPois   inf          e - +0 helmet
rElec   +            (no cloak)
rCorr   .            i - +0 pair of gloves
SInv    .            (no boots)
Will    .....        f - amulet of regeneration
Stlth   ++           (no ring)
HPRegen 1.04/turn    (no ring)
MPRegen 0.09/turn

%: no passive effects
@: no status effects
A: sickness immunity, AC +3, negative energy resistance 1, electricity
resistance, torment resistance 1, petrification resistance
a: no special abilities


You were on level 3 of the Dungeon.
You visited 1 branch of the dungeon, and saw 3 of its levels.

You collected 86 gold pieces.


Innate Abilities, Weirdness & Mutations

You are immune to sickness and miasma.
Your stone body is resilient. (AC +3)
You are immune to poison.
You resist negative energy. (rN+)
You are resistant to electric shocks. (rElec)
You are resistant to unholy torment.
You are immune to petrification.


   Skills:
 - Level 3.0 Fighting
 + Level 5.5 Ranged Weapons
 - Level 1.0 Armour
 - Level 1.5 Dodging
 - Level 1.1 Stealth


You had 3 spell levels left.
You didn't know any spells.
Your spell library was empty.

Inventory:

Hand Weapons
 Y - a +0 shortbow (weapon)
Armour
 c - a +0 leather armour (worn)
 e - a +0 helmet (worn)
 i - a +0 pair of gloves (worn)
Jewellery
 f - an amulet of regeneration (around neck)
Scrolls
 g - 2 scrolls of identify
Potions
 b - a potion of mutation
 d - a potion of enlightenment {unknown}
 h - a potion of brilliance

Dungeon Overview and Level Annotations

Branches:
Dungeon (3/15)

Altars:

Annotations:
D:3 Grinder


Message History

You shoot an arrow.
The arrow hits the hobgoblin but does no damage.
A worm comes into view.
You shoot an arrow. The arrow closely misses the hobgoblin.
The arrow hits the worm!
The worm is heavily wounded.
You shoot an arrow. The arrow hits the hobgoblin!
You kill the hobgoblin!
You shoot an arrow. The arrow hits Grinder.
Grinder is lightly wounded.
You shoot an arrow.
The arrow hits Grinder but does no damage.
Grinder is lightly wounded.
You shoot an arrow. The arrow closely misses Grinder.
Grinder hits you.
You writhe in agony.
You shoot an arrow. The arrow barely misses Grinder.
Grinder hits you but does no damage. Grinder barely misses you.
You shoot an arrow. The arrow hits Grinder.
Grinder is lightly wounded.
Grinder says, "Make like a tree!"
Grinder hits you.
You writhe in agony.
You shoot an arrow.
The arrow hits Grinder but does no damage.
Grinder is lightly wounded.
Grinder hits you.
You shoot an arrow. The arrow barely misses Grinder.
Grinder hits you. The worm barely misses you.
You shoot an arrow. The arrow barely misses Grinder.
Grinder gestures at you.
You suddenly lose the ability to move!
Grinder hits you but does no damage. The worm bites you.
You can move again.
You shoot an arrow. The arrow barely misses Grinder.
Grinder blinks!
The worm bites you!
You shoot an arrow.
The arrow hits the worm but does no damage.
You shoot an arrow. The arrow hits the worm!
The worm is heavily wounded.
The worm bites you!
You die...

#.......# ...
#.####..# ...
#.##....# . ..#
#.##.##.# #. #.#
#.##.##.# ..# #.#
#.......# .% #.#
####.####
#.##.###### #.#
#ยค##5.@......###.#
#....w..###.#....#
######### ##.#####
###


You could see Grinder and a worm.

Vanquished Creatures
  Natasha (D:3)
  An adder (D:2)
  A dart slug (D:3)
  An orc (D:3)
  7 bats
  3 endoplasms
  3 giant cockroaches
  11 goblins
  6 hobgoblins
  3 jackals (D:2)
  10 kobolds
  A quokka (D:3)
  2 ball pythons
  3 frilled lizards
  4 rats
57 creatures vanquished.

Notes
Turn   | Place    | Note
-------+----------+-------------------------------------------
     0 | D:1      | qw the Gargoyle Hunter began the quest for the Orb.
     0 | D:1      | Reached XP level 1. HP: 12/12 MP: 1/1
     0 | D:1      | 0 ||| qw: Version: 0.2-a-29-g511e9b1
     0 | D:1      | 0 ||| qw: Game counter: 5256
     0 | D:1      | 0 ||| qw: Always use a shield: true
     0 | D:1      | 0 ||| qw: God list: Okawaru
     0 | D:1      | 0 ||| qw: Allow faded altars: false
     0 | D:1      | 0 ||| qw: Do Orc after D:15 true
     0 | D:1      | 0 ||| qw: Do second Lair branch before Depths: true
     0 | D:1      | 0 ||| qw: Lair rune preference: random
     0 | D:1      | 0 ||| qw: Plans: Normal, Zot:1-4, Slime:5, God:TSO, Crypt,
                  | Tomb, Abyss, Pan, Hells, Win
     0 | D:1      | 0 ||| PLANNING D:1-11
    81 | D:1      | Reached XP level 2. HP: 17/17 MP: 2/2
   532 | D:1      | Reached XP level 3. HP: 21/21 MP: 3/3
   615 | D:1      | 615 ||| UPGRADING to +0 helmet.
   620 | D:1      | 620 ||| UPGRADING to +0 pair of gloves.
   625 | D:1      | 625 ||| UPGRADING to amulet of regeneration.
   630 | D:1      | 630 ||| DROPPING ring of magical power.
   631 | D:1      | 631 ||| READING scroll labelled IRUADUBULL.
   632 | D:1      | 632 ||| READING 2 scrolls labelled WYAZITH SONUS.
   633 | D:1      | 633 ||| READING scroll labelled BERHOL RAFA.
   734 | D:1      | 734 ||| DROPPING scroll of butterflies.
   844 | D:2      | Reached skill level 5 in Ranged Weapons
  1136 | D:2      | Reached skill level 3 in Fighting
  1164 | D:2      | Reached XP level 4. HP: 28/28 MP: 4/4
  1406 | D:2      | 1406 ||| READING scroll labelled UHI OBLUSYEBB.
  1407 | D:2      | 1407 ||| READING 2 scrolls of identify.
  1407 | D:2      | 1407 ||| IDENTIFYING smoky black potion
  1420 | D:3      | 1420 ||| PLANNING SEWER
  1423 | D:3      | Reached skill level 1 in Armour
  1472 | D:3      | Noticed Natasha
  1475 | D:3      | 1475 ||| Stepping ~*~*~tactically~*~*~ (outnumbered).
  1477 | D:3      | 1477 ||| Stepping ~*~*~tactically~*~*~ (outnumbered).
  1478 | D:3      | 1478 ||| Stepping ~*~*~tactically~*~*~ (outnumbered).
  1495 | D:3      | Killed Natasha
  1506 | D:3      | Found a faded altar of an unknown god.
  1625 | D:3      | Noticed Grinder
  1638 | D:3      | Paralysed by Grinder for 2 turns
  1640 | D:3      | HP: 4/28 [worm (7)]
  1642 | D:3      | Slain by a worm

Levels and vault maps discovered:
D:1:      dpeg_arrival_three_bigger_balls, layout_basic, grunt_decor_cap
D:2:      layout_loops_cross
D:3:      layout_loops_cross, nicolae_ru_the_path_less_chosen,
          chequers_ecumenical_altar_simple_redux, serial_shops, shop,
          portal_sewer_entry_f, uniq_natasha, uniq_grinder

Skill      XL: |  1  2  3  4 |
---------------+-------------+-----
Ranged Weapons | 5 |  5.5
Fighting       | 3 |  3.0
Armour         | 1 |  1.0
Dodging        | |  1.5
Stealth        | |  1.1

Action                     |  1- 3 |  4- 6 || total
---------------------------+-------+-------++-------
   Fire: Shortbow          |   103 |    73 ||   176
    Use: Scroll            |     3 |     2 ||     5
 Armour: Leather armour    |    22 |    14 ||    36
  Dodge: Dodged            |    23 |    18 ||    41

Table legend:
 A = Non-vault XP
 B = Vault XP
 C = Vault XP percentage of total XP
 D = Non-vault monster count
 E = Vault monster count
 F = Vault count percentage of total count
                 A         B        C        D         E       F
            +---------+---------+-------+---------+---------+-------
      Total |     110 |      36 |  24.7 |      56 |       1 |   1.8
            +---------+---------+-------+---------+---------+-------
        D:1 |      34 |       0 |   0.0 |      20 |       0 |   0.0
        D:2 |      60 |       0 |   0.0 |      28 |       0 |   0.0
        D:3 |      16 |      36 |  69.2 |       8 |       1 |  11.1
            +---------+---------+-------+---------+---------+-------
